 Dungeon Crawl Stone Soup version 0.16.1-12-gf5c4a84 (webtiles) character file.

123580 Magnus the Warrior (level 16, -2/136 HPs)
             Began as a Mummy Necromancer on Apr 9, 2015.
             Was an Elder of Okawaru.
             Slain by an anaconda (14 damage)
             ... on level 3 of the Snake Pit on Apr 10, 2015.
             The game lasted 08:10:56 (65732 turns).

Magnus the Warrior (Mummy Necromancer)             Turns: 65732, Time: 08:10:56

Health: -2/136     AC: 23    Str: 18    XL:     16   Next: 37%
Magic:  26/27      EV: 17    Int: 15    God:    Okawaru [****..]
Gold:   2410       SH:  0    Dex: 12    Spells: 5 memorised, 5 levels left

rFire  + . .     SeeInvis .     Q - +9 dire flail
rCold  + . .     Clarity  +     o - +2 leather armour {rF+}
rNeg   + + +     SustAb   .     (no shield)
rPois  ∞         Gourm    .     l - +2 helmet {rC+}
rElec  .         Spirit   .     R - +2 cloak {MR+}
rCorr  .         Warding  .     w - +2 pair of gloves {Str+3}
rMut   .         Stasis   .     j - +2 pair of boots
MR     +++..                    r - amulet of clarity
Stlth  +.........               k - ring of fire
                                D - +3 ring of evasion

@: icy armour, very slightly contaminated, constricted, studying Ice Magic,
extremely resistant to hostile enchantments, very unstealthy
A: no food or potions, fire vulnerability, in touch with death, restore body,
cold resistance 1, negative energy resistance 3, poison resistance, torment
resistance, unbreathing
a: Self-Restoration, Heroism, Renounce Religion


You were on level 3 of the Snake Pit.
You worshipped Okawaru.
Okawaru was greatly pleased with you.
You were not hungry.

You visited 6 branches of the dungeon, and saw 31 of its levels.
You also visited: Ossuary and Ice Cave.

You collected 3789 gold pieces.
You spent 1379 gold pieces at shops.

Inventory:

Hand weapons
 g - a +0 great mace
 Q - a +9 dire flail (weapon)
Missiles
 L - 8 javelins of returning (quivered)
Armour
 a - the +2 buckler of the King of the Hill {rC+ Str+4, unknown}
   (Okawaru gifted it to you on level 1 of the Snake Pit)

   It affects your strength (+4).
   It protects you from cold.
 j - a +2 pair of boots (worn)
 l - a +2 helmet of cold resistance (worn)
 o - a +2 leather armour of fire resistance (worn)
 w - a +2 pair of gloves of strength (worn)
 H - a +1 scale mail of magic resistance
 P - a +1 pair of gloves of dexterity
 R - a +2 cloak of magic resistance (worn)
Jewellery
 i - a +2 ring of protection
 k - a ring of fire (right hand)
 r - an amulet of clarity (around neck)
 t - the ring "Kysch" {SustAb rN+ MR+ Str-3 Int-2 Dex-5}
   (You found it on level 5 of the Dungeon)

   [ring of sustain abilities]

   It sustains your strength, intelligence and dexterity.
   It affects your strength (-3).
   It affects your intelligence (-2).
   It affects your dexterity (-5).
   It protects you from negative energy.
   It affects your resistance to hostile enchantments.
 z - an uncursed amulet of resist corrosion
 A - an uncursed ring of protection from cold
 B - an uncursed ring of teleportation
 D - a +3 ring of evasion (left hand)
 K - an uncursed ring of magical power
 M - an uncursed ring of flight
Magical devices
 b - a wand of lightning (0)
 f - a wand of disintegration (8)
 q - a wand of heal wounds (4)
 y - a wand of confusion (18)
 C - a wand of lightning (2)
 G - a wand of teleportation (3)
 I - a wand of digging (3)
 T - a wand of random effects (31)
 W - a wand of cold (0)
 X - a wand of fire (1)
Scrolls
 c - 7 scrolls of remove curse
 d - 6 scrolls of identify
 e - 2 scrolls of fog
 p - a scroll of fear
 s - a scroll of enchant armour
 u - a scroll of teleportation
 E - 2 scrolls of blinking
 F - 2 scrolls of amnesia
 J - a scroll of vulnerability
 O - 4 scrolls of magic mapping
 S - a scroll of enchant weapon
Books
 m - a book of Frost

   Spells                             Type                      Level
   a - Freeze                         Ice                          1
   b - Throw Frost                    Conjuration/Ice              2
   c - Ozocubu's Armour               Charms/Ice                   3
   d - Throw Icicle                   Conjuration/Ice              4
   e - Summon Ice Beast               Ice/Summoning                4
   f - Condensation Shield            Ice                          4
 v - a book of Enchantments

   Spells                             Type                      Level
   a - Tukima's Dance                 Hexes                        3
   b - Cause Fear                     Hexes                        4
   c - Silence                        Hexes/Air                    5
   d - Deflect Missiles               Charms/Air                   6
   e - Haste                          Charms                       6
   f - Discord                        Hexes                        8
 x - a book of Spatial Translocations

   Spells                             Type                      Level
   a - Apportation                    Translocation                1
   b - Blink                          Translocation                2
   c - Shroud of Golubria             Charms/Translocation         2
   d - Portal Projectile              Translocation                3
   e - Teleport Other                 Translocation                3
   f - Passage of Golubria            Translocation                4
 U - an Akashic Record {highlevel}

   This book is beyond your current level of understanding.

   Spells                             Type                      Level
   a - Dispersal                      Translocation                6
   b - Controlled Blink               Translocation                7
   c - Malign Gateway                 Summoning/Translocation      7
   d - Disjunction                    Translocation                8
   e - Singularity                    Translocation                9
 Y - a manual of Ice Magic
 Z - a manual of Ice Magic
Miscellaneous
 h - a stone of tremors
 n - an ornate deck of wonders
 N - a lamp of fire


   Skills:
 + Level 15.2 Fighting
 + Level 15.2 Maces & Flails
 + Level 6.5 Dodging
 - Level 1.5 Stealth
 + Level 4.6 Spellcasting
 - Level 5.0 Charms
 - Level 9.0 Necromancy
 - Level 10.3 Ice Magic
 - Level 6.0 Invocations


You had 5 spell levels left.
You knew the following spells:

 Your Spells              Type           Power        Failure   Level  Hunger
a - Throw Icicle          Conj/Ice       #.......     28%         4    N/A
b - Animate Dead          Necr           N/A          6%          4    N/A
c - Control Undead        Necr           #####.....   6%          4    N/A
d - Ozocubu's Armour      Chrm/Ice       ##......     2%          3    N/A
e - Condensation Shield   Ice            ###.......   2%          4    N/A

Dungeon Overview and Level Annotations

Branches:
Dungeon (14/15)            Temple (1/1) D:4            Lair (8/8) D:11
 Shoals (1/5) Lair:5        Snake (3/5) Lair:3        Slime (0/6) Lair:6
    Orc (4/4) D:11            Elf (0/3) Orc:3        Vaults (0/5) D:14

Altars:
Ashenzari
Cheibriados
Dithmenos
Elyvilon
Fedhas
Gozag
Kikubaaqudgha
Makhleb
Nemelex Xobeh
Okawaru
Qazlal
Ru
Sif Muna
Trog
Vehumet
Xom
Yredelemnul
Zin
The Shining One
Beogh
Jiyva

Shops:
Orc:4 ?}(?

Annotations:
D:14 Louise


Innate Abilities, Weirdness & Mutations

You do not eat or drink.
Your flesh is vulnerable to fire.
You are in touch with the powers of death.
You can restore your body by infusing magical energy.
Your flesh is cold resistant.
You are immune to negative energy.
Your system is resistant to poisons.
You are immune to unholy pain and torment.
You can survive without breathing.


Message History

* * * LOW HITPOINT WARNING * * *
The anaconda grabs you.
The anaconda bites you but does no damage.
* * * LOW HITPOINT WARNING * * *
The anaconda constricts you.
There is a stone staircase leading up here.
You see here an arrow.
You escape the anaconda's grasp.
The anaconda grabs you.
You stop ascending the stairs.
The anaconda closely misses you.
* * * LOW HITPOINT WARNING * * *
The anaconda constricts you.
Unknown command.
Remove which piece of jewellery? (? for menu, Esc to quit)
Okay, then.
You can't eat.
Read which item? (? for menu, Esc to quit)
As you read the scroll of fear, it crumbles to dust.
You assume a fearsome visage.
The naga sharpshooter looks frightened!
The anaconda resists with some effort.
The anaconda bites you!
You die...

....N.......(##.(((<.##
..............##...((..#
..............##...(....
...##.........##.##....#
..##.........#.#....## ..
..#........#..#.(.## ...#
..#.......#.##..##
.....##.#......##N#..###..
.....##.#@...N##.(..##...#
#.......§S§§§.((((....(.#
##...[§§§§§§..([......##
#.....§§§§§.##......##
.######......§§§§§#......##
.............§§§§§.......##
........[.....#§§§§.....##
.....(.......###..#.(### .
####..........##.##.## .


You could see a naga sharpshooter (fleeing) and an anaconda.

Vanquished Creatures
  Nikola (Snake:3)
  Kirke (Snake:1)
  The ghost of Chiseanne the Nimble, a powerful DDMo of Gozag (Orc:4)
  An ettin (Orc:4)
  3 vault guards (D:13)
  A yaktaur captain (D:11)
  Fannar (Lair:2)
  4 naga warriors
  7 hydras
  An ogre mage (Orc:4)
  Erica (D:12)
  A centaur warrior (D:13)
  7 anacondas
  2 tengu warriors (D:11)
  Urug (D:12)
  3 shock serpents
  9 naga sharpshooters
  A salamander mystic (Snake:2)
  A hell knight (D:13)
  An unseen horror (D:12)
  A deep troll (Orc:4)
  5 naga ritualists
  A sea snake (Shoals:1)
  5 hill giants
  Pikel (D:4)
  A mana viper (Snake:2)
  An orc sorcerer (Orc:4)
  2 ugly things (D:12)
  A necromancer (Lair:4)
  4 salamanders
  2 griffons
  2 cyclopes
  8 spiny frogs
  Maurice (D:13)
  A manticore (Snake:1)
  10 black mambas
  Joseph (D:8)
  A guardian serpent (Snake:2)
  10 elephants
  9 naga magi
  4 torpor snails (Lair:8)
  3 yaktaurs (D:11)
  Psyche (D:13)
  A gargoyle (D:13)
  2 centaur skeletons
  A tengu conjurer (D:13)
  5 komodo dragons
  3 fire drakes
  4 trolls
  2 merfolk (Shoals:1)
  Sonja (Orc:2)
  8 freezing wraiths (IceCv)
  6 polar bears
  3 two-headed ogres
  2 giant leeches (Lair:8)
  A raiju (Lair:8)
  5 slime creatures (D:12)
  10 blink frogs
  5 ravens
  4 basilisks
  38 yaks
  3 hogs (Snake:1)
  3 hungry ghosts
  3 hippogriffs
  Grum (Orc:1)
  4 vampire mosquitoes
  2 shadows
  13 nagas
  7 wargs
  19 wolves
  9 soldier ants
  31 water moccasins
  7 hell hounds
  9 ice beasts
  3 sky beasts
  9 porcupines
  2 wasps
  2 slaves (D:5)
  9 black bears
  An eye of draining (D:11)
  A necrophage (D:14)
  12 ogres
  2 phantoms
  17 orc warriors
  14 crocodiles
  2 brain worms (Lair:6)
  9 centaurs
  6 big kobolds
  14 giant frogs
  2 gnoll sergeants
  A wyvern skeleton (D:11)
  20 killer bees
  2 scorpions
  10 wights
  7 sheep
  6 crimson imps
  4 goliath beetles
  A giant frog skeleton (D:12)
  14 hounds
  A draconian simulacrum (IceCv)
  4 giant frog zombies
  3 jellies
  2 centaur zombies
  26 orc priests
  37 orc wizards
  6 iguanas
  2 polar bear simulacra (IceCv)
  28 worker ants
  2 centaur simulacra (IceCv)
  Ijyb (D:5)
  Jessica (D:2)
  2 wolf simulacra (Lair:4)
  A hound zombie (D:9)
  2 mummies
  7 gnolls
  19 adders
  5 ogre simulacra (IceCv)
  3 naga simulacra (IceCv)
  3 shadow imps
  11 white imps
  56 river rats
  8 worms
  An iguana zombie (D:8)
  An adder skeleton (D:7)
  7 giant geckos
  193 orcs
  4 bat zombies
  6 giant cockroaches
  7 gnoll zombies
  20 hobgoblins
  2 ball pythons
  22 bats
  3 giant newts
  A gnoll skeleton (Ossuary)
  23 goblins
  3 goblin skeletons (Ossuary)
  5 goblin zombies (Ossuary)
  2 hobgoblin skeletons (Ossuary)
  A hobgoblin zombie (Ossuary)
  23 jackals
  2 jackal zombies (D:8)
  25 kobolds
  2 kobold skeletons (Ossuary)
  4 kobold zombies (Ossuary)
  5 orc skeletons (Ossuary)
  4 orc zombies (Ossuary)
  14 quokkas
  A quokka skeleton (D:4)
  A quokka zombie (D:9)
  16 rats
  3 rat skeletons (Ossuary)
  2 rat zombies (Ossuary)
  6 ballistomycetes
  A bush (D:11)
  10 plants
1155 creatures vanquished.

Vanquished Creatures (collateral kills)
  Vashnia (Snake:2)
  Rupert (Lair:4)
  Maud (Lair:6)
  A fire dragon (Lair:8)
  An ogre mage (Orc:4)
  Harold (Lair:2)
  4 hydras
  A centaur warrior (D:13)
  2 anacondas (Snake:2)
  A deep troll (Orc:4)
  3 hill giants
  An ice statue (IceCv)
  A lindwurm (Lair:8)
  A necromancer (IceCv)
  2 cyclopes (Orc:4)
  A manticore (D:12)
  A mana viper (Snake:1)
  A gargoyle (D:11)
  5 elephants
  7 black mambas
  3 torpor snails
  A centaur skeleton (D:10)
  A kobold demonologist (D:13)
  A queen ant (Lair:5)
  A yaktaur (D:11)
  2 freezing wraiths (IceCv)
  6 komodo dragons
  3 fire drakes
  4 blink frogs
  3 polar bears (Lair:8)
  A raiju (Lair:8)
  7 trolls
  6 two-headed ogres (Orc:4)
  11 yaks
  A death yak simulacrum (IceCv)
  A hungry ghost (D:10)
  2 hippogriffs
  3 hogs (Snake:1)
  A wyvern (Lair:4)
  11 nagas
  2 wargs (Lair:8)
  17 water moccasins
  6 wolves
  6 porcupines
  2 wasps (Lair:8)
  13 ogres
  4 orc warriors
  3 ice beasts
  4 black bears (Lair:8)
  A big kobold (D:8)
  4 crocodiles
  2 centaurs
  3 brain worms (Lair:8)
  A boring beetle (Lair:5)
  6 giant frogs
  A scorpion (D:10)
  A killer bee (D:7)
  2 wights (D:9)
  A jelly (D:7)
  An elephant simulacrum (IceCv)
  A crimson imp (D:8)
  5 draconian simulacra (IceCv)
  A quasit (D:7)
  7 hounds
  4 orc priests
  7 orc wizards
  2 iguanas
  4 worker ants (Lair:5)
  A troll simulacrum (IceCv)
  4 sheep
  3 mummies
  2 hound skeletons (D:10)
  6 gnolls
  A worker ant zombie (D:7)
  2 ogre simulacra (IceCv)
  2 adders
  A naga simulacrum (IceCv)
  14 river rats
  3 shadow imps
  13 white imps
  10 worms (Lair:8)
  An adder skeleton (D:8)
  An adder zombie (D:5)
  46 orcs
  A bat (D:9)
  A bat zombie (D:5)
  5 goblins (Orc:1)
  A hobgoblin (D:10)
  4 quokkas
  A giant spore (D:6)
  2 kobolds
  2 ballistomycetes
  A bush (Lair:3)
  2 fungi
  11 plants
358 creatures vanquished.

Vanquished Creatures (others)
  An anaconda (Snake:3)
  4 anaconda zombies
  2 ugly thing zombies (D:12)
  A shock serpent zombie (Snake:2)
  A black mamba (Snake:3)
  4 hydra zombies
  A griffon zombie (Lair:8)
  An ettin zombie (Orc:4)
  6 black mamba zombies
  3 hill giant zombies
  A giant leech zombie (Lair:8)
  Menkaure (Ossuary)
  A naga (Snake:1)
  2 spiny frog zombies
  A manticore zombie (D:12)
  3 elephant zombies
  3 blink frog zombies
  3 vampire mosquito zombies
  A fire drake zombie (Lair:7)
  5 komodo dragon zombies
  3 hell hound zombies
  A salamander zombie (Snake:3)
  A cyclops zombie (D:12)
  11 water moccasin zombies
  A wyvern zombie (Lair:4)
  5 warg zombies (Lair:8)
  2 naga skeletons (Snake:1)
  A tengu zombie (D:13)
  4 troll zombies
  A raiju zombie (Lair:8)
  A hippogriff zombie (Lair:6)
  4 polar bear zombies (Lair:8)
  14 yak zombies
  13 wolf zombies
  8 giant frog zombies
  A basilisk zombie (Lair:7)
  2 centaur zombies
  5 black bear zombies
  A soldier ant zombie (Lair:5)
  3 two-headed ogre zombies
  12 porcupine zombies
  A black bear skeleton (Lair:8)
  9 killer bee zombies
  4 big kobold zombies
  9 naga zombies
  4 crocodile zombies
  3 human zombies
  A sky beast zombie (D:12)
  5 ogre zombies (Orc:4)
  A necrophage skeleton (D:14)
  9 hound zombies
  12 worker ant zombies
  A scorpion zombie (D:10)
  3 worm zombies (Lair:8)
  A goliath beetle zombie (D:7)
  7 adder zombies
  6 sheep zombies
  7 orc skeletons
  2 bat zombies
  7 gnoll zombies
  A quokka (Lair:5)
  2 giant spores
  2 gnoll skeletons (Ossuary)
  2 goblin skeletons (Ossuary)
  5 goblin zombies
  4 hobgoblin zombies
  8 jackal zombies
  3 kobold skeletons (Ossuary)
  9 kobold zombies
  83 orc zombies
  5 quokka zombies
  2 rat skeletons (Ossuary)
  2 rat zombies (Ossuary)
  19 river rat zombies
  A bush (D:11)
  18 fungi
  16 plants
413 creatures vanquished.

Grand Total: 1926 creatures vanquished

Notes
Turn   | Place    | Note
--------------------------------------------------------------
     0 | D:1      | Magnus, the Mummy Necromancer, began the quest for the Orb.
     0 | D:1      | Reached XP level 1. HP: 13/13 MP: 3/3
   211 | D:1      | Reached XP level 2. HP: 19/19 MP: 1/5
  1156 | D:2      | Reached XP level 3. HP: 24/24 MP: 2/6
  1356 | D:2      | Noticed Jessica
  1359 | D:2      | Killed Jessica
  1434 | D:2      | Reached skill level 5 in Necromancy
  1439 | D:2      | Reached XP level 4. HP: 22/30 MP: 0/9
  1965 | D:2      | Reached skill level 1 in Fighting
  2081 | D:2      | Learned a level 4 spell: Animate Dead
  2351 | D:2      | Reached skill level 1 in Maces & Flails
  2920 | D:3      | Reached XP level 5. HP: 37/37 MP: 9/11
  3336 | D:3      | Noticed a shadow
  3336 | D:3      | Noticed a shadow
  4170 | D:4      | Found a staircase to the Ecumenical Temple.
  4336 | Temple   | Entered the Ecumenical Temple
  4383 | Temple   | Became a worshipper of Warmaster Okawaru
  4660 | D:4      | Reached XP level 6. HP: 37/46 MP: 6/12
  5086 | D:4      | Found a basalt altar of Yredelemnul.
  5169 | D:4      | Found a blossoming altar of Fedhas.
  5608 | D:5      | Entered Level 5 of the Dungeon
  5615 | D:5      | Learned a level 4 spell: Control Undead
  5627 | D:5      | Found a sand-covered staircase.
  5685 | Ossuary  | Entered an ossuary
  6431 | Ossuary  | Killed Menkaure
  6922 | D:5      | Got an ancient brass ring
  7107 | D:4      | Acquired Okawaru's first power
  7357 | D:5      | Reached XP level 7. HP: 48/54 MP: 8/14
  7658 | D:5      | Noticed Ijyb
  7682 | D:5      | Killed Ijyb
  7929 | D:5      | Noticed Pikel
  8030 | D:4      | Killed Pikel
  8030 | D:4      | Reached skill level 5 in Fighting
  8030 | D:4      | Reached skill level 6 in Necromancy
  8496 | D:3      | Identified the ring "Kysch" {SustAb rN+ MR+ Str-3 Int-2 Dex-5} (You found it on level 5 of the Dungeon)
  8560 | D:4      | Reached XP level 8. HP: 23/63 MP: 16/16
  9409 | D:6      | Got a warped leather armour
  9700 | D:6      | Reached skill level 5 in Maces & Flails
 11593 | D:7      | Reached skill level 7 in Fighting
 11792 | D:7      | Reached XP level 9. HP: 41/72 MP: 17/17
 12991 | D:7      | Received a gift from Okawaru
 13995 | D:7      | Received a gift from Okawaru
 14147 | D:7      | Identified the +0 leather armour of the Trilobite {rN+ MR++ Int-5} (You found it on level 6 of the Dungeon)
 14752 | D:8      | Reached skill level 8 in Fighting
 14871 | D:8      | Noticed Joseph
 14902 | D:8      | Killed Joseph
 14986 | D:8      | Found a sacrificial altar of Ru.
 16443 | D:8      | Reached XP level 10. HP: 82/82 MP: 10/18
 16678 | D:8      | Noticed a three-headed hydra
 17158 | D:8      | Reached skill level 9 in Fighting
 17442 | D:8      | Killed a one-headed hydra
 17837 | D:8      | Learned a level 3 spell: Ozocubu's Armour
 19390 | D:9      | Reached skill level 10 in Fighting
 19620 | D:9      | Acquired Okawaru's second power
 19877 | D:9      | Noticed a centaur skeleton
 19885 | D:9      | Killed a centaur skeleton
 20385 | D:10     | Entered Level 10 of the Dungeon
 20385 | D:10     | Noticed a hill giant
 20445 | D:10     | Received a gift from Okawaru
 20505 | D:9      | Reached XP level 11. HP: 71/92 MP: 12/20
 21539 | D:10     | Killed a hill giant
 21614 | D:10     | Noticed a hill giant
 21624 | D:10     | Killed a hill giant
 22646 | D:11     | Found a staircase to the Lair.
 22699 | D:11     | Found a staircase to the Orcish Mines.
 22875 | D:11     | Noticed a hill giant
 23417 | D:10     | Killed a hill giant
 23417 | D:10     | Reached skill level 1 in Charms
 23805 | D:11     | Reached skill level 11 in Fighting
 24688 | D:11     | Noticed a four-headed hydra
 24701 | D:11     | Killed a one-headed hydra
 24701 | D:11     | Reached skill level 10 in Maces & Flails
 25753 | Lair:1   | Entered Level 1 of the Lair of Beasts
 27419 | Lair:1   | Received a gift from Okawaru
 27601 | D:11     | Reached XP level 12. HP: 27/100 MP: 12/20
 28950 | Lair:2   | Noticed Fannar
 28986 | Lair:2   | Killed Fannar
 29190 | Lair:2   | Got a bloodstained shield
 29464 | Lair:2   | Noticed Harold
 29470 | Lair:2   | Killed Harold
 29812 | Lair:2   | Noticed a four-headed hydra
 29820 | Lair:2   | Killed a four-headed hydra
 30957 | Lair:3   | Found a staircase to the Snake Pit.
 30963 | Lair:3   | Reached skill level 12 in Fighting
 32072 | Lair:3   | Noticed an eight-headed hydra
 32361 | Lair:3   | Identified the +4 shield of Rotation {rC+ rN+} (You found it on level 2 of the Lair of Beasts)
 34123 | Lair:4   | Noticed Rupert
 34153 | Lair:4   | Killed Rupert
 34153 | Lair:4   | Reached skill level 5 in Charms
 35297 | Lair:4   | Reached skill level 1 in Ice Magic
 35297 | Lair:4   | Reached skill level 1 in Invocations
 35667 | Lair:4   | Received a gift from Okawaru
 37484 | Lair:5   | Reached XP level 13. HP: 103/109 MP: 17/21
 37706 | Orc:1    | Entered Level 1 of the Orcish Mines
 38419 | Orc:1    | Noticed Grum
 38428 | Orc:1    | Killed Grum
 40263 | Lair:5   | Noticed a seven-headed hydra
 40269 | Lair:5   | Killed a seven-headed hydra
 40399 | Lair:5   | Found a staircase to the Shoals.
 40811 | Lair:3   | Got a brightly glowing ring mail
 40812 | Lair:3   | Identified the +0 ring mail of the Heavens {rC+ Str+2 Int+3 Dex-4} (You found it on level 3 of the Lair of Beasts)
 41320 | Lair:6   | Got a scorched scale mail
 41354 | Lair:6   | Found a staircase to the Slime Pits.
 41355 | Lair:6   | Found a viscous altar of Jiyva.
 41575 | Lair:6   | Received a gift from Okawaru
 41643 | Lair:6   | Reached skill level 13 in Fighting
 41989 | Lair:7   | Noticed Maud
 42009 | Lair:6   | Killed Maud
 42622 | Lair:7   | Found a runed door.
 43011 | Lair:7   | Identified the +0 scale mail "Ilich" {Contam Int+8 Dex+3} (You found it on level 6 of the Lair of Beasts)
 43020 | Lair:7   | Received a gift from Okawaru
 43096 | Lair:8   | Entered Level 8 of the Lair of Beasts
 43396 | Lair:8   | Found a frozen archway.
 43473 | IceCv    | Entered an ice cave
 44709 | IceCv    | Found an ancient bone altar of Kikubaaqudgha.
 45242 | Lair:8   | Reached XP level 14. HP: 115/118 MP: 22/22
 45249 | Lair:8   | Reached skill level 5 in Ice Magic
 46354 | Lair:8   | Reached skill level 14 in Maces & Flails
 46747 | Lair:8   | Found a runed door.
 46999 | Lair:8   | Received a gift from Okawaru
 47503 | Orc:1    | Identified a scroll of acquirement
 47549 | Orc:1    | Learned a level 4 spell: Condensation Shield
 47566 | Orc:2    | Noticed Sonja
 47897 | Orc:2    | Found a roughly hewn altar of Beogh.
 47995 | Orc:2    | Killed Sonja
 49015 | Orc:3    | Found a staircase to the Elven Halls.
 49424 | Orc:4    | Entered Level 4 of the Orcish Mines
 49788 | Orc:4    | Found Yqump's Magic Scroll Shoppe.
 50148 | Orc:4    | Noticed Chiseanne's ghost (powerful DDMo)
 50163 | Orc:4    | Killed Chiseanne's ghost
 50234 | Orc:4    | Found Qouxaal's Gadget Shop.
 50338 | Orc:4    | Found Ugasiuza's Weapon Shop.
 50345 | Orc:4    | Found Lineheos' Magic Scroll Boutique.
 50386 | Orc:4    | Bought a scroll of enchant armour for 90 gold pieces
 50386 | Orc:4    | Bought a scroll of enchant weapon for 90 gold pieces
 50386 | Orc:4    | Bought a scroll of teleportation for 36 gold pieces
 50386 | Orc:4    | Bought a scroll of identify for 24 gold pieces
 50386 | Orc:4    | Bought a scroll of blinking for 90 gold pieces
 50386 | Orc:4    | Bought a scroll of identify for 24 gold pieces
 50386 | Orc:4    | Bought a scroll of fog for 24 gold pieces
 50386 | Orc:4    | Bought a scroll of amnesia for 42 gold pieces
 50392 | Orc:4    | Bought a scroll of magic mapping for 56 gold pieces
 50392 | Orc:4    | Bought 3 scrolls of identify for 96 gold pieces
 50392 | Orc:4    | Bought a scroll of amnesia for 56 gold pieces
 50392 | Orc:4    | Bought a scroll of identify for 32 gold pieces
 50392 | Orc:4    | Bought a scroll of fear for 56 gold pieces
 50398 | Orc:4    | Bought a wand of teleportation (3) for 357 gold pieces
 50398 | Orc:4    | Bought a wand of digging (5) for 306 gold pieces
 51277 | D:12     | Noticed Erica
 51291 | D:12     | Killed Erica
 52138 | D:12     | Noticed Urug
 52160 | D:12     | Killed Urug
 52396 | D:12     | Your ally Urug died
 54061 | D:12     | Reached XP level 15. HP: 118/126 MP: 23/23
 54316 | D:12     | Received a gift from Okawaru
 54681 | D:13     | Noticed Psyche
 54684 | D:13     | Killed Psyche
 54717 | D:13     | Noticed Maurice
 55004 | D:13     | Killed Maurice
 55303 | D:13     | Your ally Psyche died
 55310 | D:13     | Your ally Maurice died
 56028 | D:13     | Learned a level 4 spell: Throw Icicle
 57370 | D:14     | Found a gate to the Vaults.
 57371 | D:14     | Noticed Louise
 57830 | Shoals:1 | Entered Level 1 of the Shoals
 58341 | Snake:1  | Entered Level 1 of the Snake Pit
 58696 | Lair:3   | Reached skill level 5 in Invocations
 59014 | Snake:1  | Received a gift from Okawaru
 59221 | Snake:1  | Got an encrusted buckler {god gift}
 59249 | Snake:1  | Noticed Kirke
 59289 | Snake:1  | Killed Kirke
 59353 | Snake:1  | Reached skill level 5 in Dodging
 59860 | Snake:1  | Reached skill level 10 in Ice Magic
 60884 | Snake:2  | Found a runed gate.
 60896 | Snake:2  | Found a runed gate.
 60896 | Snake:2  | Found a runed gate.
 61175 | Snake:2  | Reached skill level 15 in Maces & Flails
 62379 | Snake:2  | Reached XP level 16. HP: 79/134 MP: 17/25
 62385 | Snake:2  | Reached skill level 15 in Fighting
 62767 | Snake:3  | Received a gift from Okawaru
 63096 | Snake:3  | Noticed Nikola
 63235 | Snake:3  | HP: 6/136 [Nikola/chain lightning (20)]
 63236 | Snake:3  | HP: 1/136 [anaconda (3)]
 63862 | Snake:3  | Killed Nikola
 63890 | Snake:3  | Noticed Vashnia
 65278 | Snake:2  | Killed Vashnia
 65732 | Snake:3  | Slain by an anaconda

Action                   |  1- 3 |  4- 6 |  7- 9 | 10-12 | 13-15 | 16-18 || total
-------------------------+-------+-------+-------+-------+-------+-------++-------
Melee: Unarmed           |    18 |       |       |       |       |       ||    18
       Mace              |     3 |   155 |   299 |  1116 |    16 |       ||  1589
       Falchion          |       |       |       |    14 |       |       ||    14
       Dire flail        |       |       |       |       |  2098 |   220 ||  2318
 Fire: Blowgun           |       |       |       |     3 |       |       ||     3
Throw: Throwing net      |       |       |       |     5 |     2 |       ||     7
 Cast: Pain              |    65 |   185 |   397 |   663 |     7 |       ||  1317
       Animate Dead      |       |    13 |    34 |    99 |   189 |     9 ||   344
       Control Undead    |       |     1 |       |     1 |     9 |       ||    11
       Ozocubu's Armour  |       |       |       |     7 |    57 |    14 ||    78
       Condensation Shie |       |       |       |       |    10 |     3 ||    13
       Throw Icicle      |       |       |       |       |     3 |       ||     3
Invok: Heroism           |       |       |     2 |    15 |    18 |     3 ||    38
       Finesse           |       |       |       |     3 |    10 |     1 ||    14
 Abil: Evoke Flight      |       |       |       |       |     3 |       ||     3
Evoke: Wand              |       |       |     1 |     3 |     8 |     2 ||    14
  Use: Scroll            |       |       |    11 |    17 |    22 |     5 ||    55
 Stab: Distracted        |       |     2 |       |    10 |    21 |       ||    33
       Sleeping          |       |     1 |       |     1 |     2 |       ||     4
       Confused          |       |       |       |     1 |       |       ||     1
       Held in net/web   |       |       |       |       |     2 |       ||     2
